 Dungeon Crawl Stone Soup version 0.30-a0-161-gdd60e06945 (webtiles) character file.

Game seed: 11080073172751085769

51 qw the Shield-Bearer (level 3, 0/23 HPs)
             Began as a Gargoyle Fighter on Sept 27, 2022.
             Slain by a white imp (5 damage)
             ... summoned by Natasha
             ... on level 2 of the Dungeon.
             The game lasted 00:00:37 (1625 turns).

qw the Shield-Bearer (Gargoyle Fighter)             Turns: 1625, Time: 00:00:38

Health: 0/23       AC: 10    Str: 21    XL:     3   Next: 81%
Magic:  3/3        EV:  8    Int:  8    God:
Gold:   44         SH:  8    Dex:  9    Spells: 2/2 levels left

rFire   . . .      SeeInvis .    Y - +0 war axe
rCold   . . .      Faith    .    l - +0 kite shield
rNeg    + . .      Spirit   .    b - +0 scale mail
rPois   inf        Reflect  .    (no helmet)
rElec   +          Harm     .    (no cloak)
rCorr   .          Rampage  .    (no gloves)
Will    .....                    (no boots)
Stlth   ..........               (no amulet)
HPRegen 0.07/turn                (no ring)
MPRegen 0.08/turn                (no ring)

@: no status effects
A: sickness immunity, AC +3, negative energy resistance 1, electricity
resistance, torment resistance 1, petrification resistance
a: no special abilities


You were on level 2 of the Dungeon.
You visited 1 branch of the dungeon, and saw 2 of its levels.

You collected 44 gold pieces.


Innate Abilities, Weirdness & Mutations

You are immune to sickness and miasma.
Your stone body is resilient. (AC +3)
You are immune to poison.
You resist negative energy. (rN+)
You are resistant to electric shocks. (rElec)
You are resistant to unholy torment.
You are immune to petrification.


   Skills:
 - Level 3.2 Fighting
 - Level 3.2 Axes
 - Level 3.2 Armour
 + Level 3.8 Shields


You had 2 spell levels left.
You didn't know any spells.
Your spell library was empty.

Inventory:

Hand Weapons
 n - a +0 whip
 Y - a +0 war axe (weapon)
Armour
 b - a +0 scale mail (worn)
 l - a +0 kite shield (worn)
Scrolls
 a - a scroll of enchant weapon {unknown}
 c - a scroll of noise {unknown}
 g - a scroll of blinking {unknown}
Potions
 d - a potion of might
 e - 2 potions of curing {unknown}
 f - a potion of haste {unknown}
 h - a potion of resistance {unknown}
 i - a potion of heal wounds {unknown}
 j - a potion of brilliance {unknown}
 k - a potion of lignification

Dungeon Overview and Level Annotations

Branches:
Dungeon (2/15)

Altars:

Shops:
D:2 :

Annotations:
D:2 Natasha


Message History

a +0 dagger; a goblin corpse; a ball python corpse You miss the goblin.
You block the goblin's attack.
You hit the goblin.
You kill the goblin!
Things that are here:
a +0 dagger; a +0 sling You miss the frilled lizard.
You block the frilled lizard's attack. x2
You miss the frilled lizard.
The frilled lizard bites you but does no damage.
You barely miss the frilled lizard.
The frilled lizard bites you but does no damage.
The frilled lizard completely misses you.
You hit the frilled lizard.
You kill the frilled lizard!
j - a lumpy golden potion Natasha, Servant of Life and Death comes into view.
She is carrying a wand of light (13).
Natasha hisses angrily.
Natasha casts a spell.
A hobgoblin comes into view.
You see here 14 gold pieces.
Natasha zaps a wand.
The bolt of light hits you! The white imp gestures at you.
The puff of frost hits you.
You closely miss Natasha. You closely miss the white imp.
Natasha zaps a wand.
The bolt of light misses you.
The white imp hits you but does no damage.
You block the hobgoblin's attack. Natasha claws you.
You barely miss Natasha. You completely miss the hobgoblin.
You barely miss the white imp.
The white imp hits you but does no damage.
The hobgoblin barely misses you.
Natasha zaps a wand.
The bolt of light misses you.
The white imp hits you but does no damage.
You barely miss Natasha. You completely miss the hobgoblin.
You barely miss the white imp. The hobgoblin barely misses you.
Natasha zaps a wand.
The bolt of light misses you. The white imp hits you.
The white imp freezes you.
You die...

#..........#.##.#
#......^......#.#
#..........#.....
############.#...
##########.###.
##########...........)).
.....................##.
......g...$..........##+
......h@.............#..
......5..............#..
######...#...........#.)
#...#...........#..
#...#...........#..
#...#############..
#...# #.. #.... #.. #..


You could see Natasha, a white imp (summoned) and a hobgoblin.

Vanquished Creatures
  A worm (D:2)
  3 dart slugs
  5 ball pythons
  5 endoplasms
  A giant cockroach (D:1)
  7 goblins
  A hobgoblin (D:1)
  4 jackals (D:1)
  2 quokkas
  4 frilled lizards
  2 kobolds (D:1)
  3 rats
38 creatures vanquished.

Notes
Turn   | Place    | Note
-------+----------+-------------------------------------------
     0 | D:1      | qw the Gargoyle Fighter began the quest for the Orb.
     0 | D:1      | Reached XP level 1. HP: 14/14 MP: 1/1
     0 | D:1      | 0 ||| qw: Version: 0.2-a-10-g37ed214
     0 | D:1      | 0 ||| qw: Game counter: 702
     0 | D:1      | 0 ||| qw: Always use a shield: true
     0 | D:1      | 0 ||| qw: God list: Okawaru
     0 | D:1      | 0 ||| qw: Allow faded altars: false
     0 | D:1      | 0 ||| qw: Do Orc after D:15 true
     0 | D:1      | 0 ||| qw: Do second Lair branch before Depths: true
     0 | D:1      | 0 ||| qw: Lair rune preference: random
     0 | D:1      | 0 ||| qw: Plans: Normal, Zot:1-4, God:TSO, Crypt, Tomb,
                  | Pan, Slime:5, Hells, Abyss, Orb
     0 | D:1      | 0 ||| PLANNING D:1-11
    87 | D:1      | Reached XP level 2. HP: 19/19 MP: 2/2
   157 | D:1      | HP: 4/19 [frozen (4)]
   485 | D:1      | 485 ||| Stepping ~*~*~tactically~*~*~ (hiding).
   489 | D:1      | 489 ||| Stepping ~*~*~tactically~*~*~ (hiding).
   681 | D:1      | 681 ||| DROPPING +0 club.
   706 | D:1      | Reached skill level 3 in Axes
   851 | D:1      | Reached XP level 3. HP: 23/23 MP: 3/3
   951 | D:1      | 951 ||| UPGRADING to +0 kite shield.
   961 | D:1      | 961 ||| DROPPING +0 buckler.
   962 | D:1      | 962 ||| READING scroll labelled LEJIFUC LIQU.
  1063 | D:1      | 1063 ||| READING scroll labelled VASHRU TICWIEHO.
  1064 | D:1      | 1064 ||| DRINKING 2 fuming ruby potions.
  1087 | D:1      | 1087 ||| DRINKING 2 fuming emerald potions.
  1088 | D:1      | 1088 ||| DROPPING potion of flight.
  1157 | D:2      | 1157 ||| Stepping ~*~*~tactically~*~*~ (hiding).
  1268 | D:2      | Found Peg Jusa's Book Shop.
  1274 | D:2      | 1274 ||| Stepping ~*~*~tactically~*~*~ (stealth).
  1277 | D:2      | 1277 ||| FLEEEEING.
  1278 | D:2      | 1278 ||| FLEEEEING.
  1279 | D:2      | 1279 ||| FLEEEEING.
  1288 | D:2      | 1288 ||| FLEEEEING.
  1289 | D:2      | 1289 ||| FLEEEEING.
  1290 | D:2      | 1290 ||| FLEEEEING.
  1466 | D:2      | 1466 ||| Stepping ~*~*~tactically~*~*~ (stealth).
  1469 | D:2      | 1469 ||| Stepping ~*~*~tactically~*~*~ (stealth).
  1589 | D:2      | 1589 ||| Stepping ~*~*~tactically~*~*~ (hiding).
  1592 | D:2      | 1592 ||| Stepping ~*~*~tactically~*~*~ (hiding).
  1619 | D:2      | Noticed Natasha
  1625 | D:2      | HP: 5/23 [white imp[Natasha] (1)]
  1625 | D:2      | Slain by a white imp

Levels and vault maps discovered:
D:1:      lemuel_arrival_cross, layout_rooms
D:2:      layout_basic, serial_shops, shop, dilly_ecumenical_altar_fadedgnrine,
          uniq_natasha

Skill      XL: |  1  2 |
---------------+-------+-----
Axes           | 2 3 |  3.2
Fighting       | |  3.2
Armour         | |  3.2
Shields        | |  3.8

Action                   || total
-------------------------++-------
Melee: War axe           ||   101
  Use: Scroll            ||     2
       Potion            ||     2
Armor: Scale mail        ||    48
Dodge: Dodged            ||    40
Block: Buckler           ||    12
       Kite shield       ||    17

Table legend:
 A = Non-vault XP
 B = Vault XP
 C = Vault XP percentage of total XP
 D = Non-vault monster count
 E = Vault monster count
 F = Vault count percentage of total count
                 A         B        C        D         E       F
            +---------+---------+-------+---------+---------+-------
      Total |      73 |       0 |   0.0 |      38 |       0 |   0.0
            +---------+---------+-------+---------+---------+-------
        D:1 |      45 |       0 |   0.0 |      25 |       0 |   0.0
        D:2 |      28 |       0 |   0.0 |      13 |       0 |   0.0
            +---------+---------+-------+---------+---------+-------
